 Dungeon Crawl Stone Soup version 0.27-a0-1529-g1e82c303ef (webtiles) character file.

Game seed: 15539760651289429492

17885 Demosthentine the Spear-Bearer (level 12, 0/100 HPs)
             Began as a Merfolk Gladiator on July 11, 2021.
             Was a Priest of the Shining One.
             Slain by a +1 war axe of chaos (8 damage)
             ... on level 11 of the Dungeon.
             The game lasted 00:12:48 (13405 turns).

Demosthentine the Spear-Bearer (Merfolk Gladiator) Turns: 13405, Time: 00:12:49

Health: 0/100      AC: 12    Str: 16    XL:     12   Next: 52%
Magic:  17/17      EV: 24    Int: 10    God:    the Shining One [***...]
Gold:   1645       SH:  7    Dex: 18    Spells: 11/11 levels left

rFire    + . .     SeeInvis +   a - +1 trident (flame)
rCold    . . .     Faith    .   r - +2 buckler
rNeg     + + .     Spirit   .   d - +0 troll leather armour
rPois    +         Reflect  .   B - +2 helmet {SInv}
rElec    .         Harm     .   J - +2 cloak
rCorr    .         Rampage  .   (no gloves)
Will     +....                  t - +0 pair of boots
Stlth    +.........             (no amulet)
HPRegen  1.26/turn              h - ring of poison resistance
MPRegen  0.15/turn              n - ring "Nyfrem" {rF+ rN+ Will+ EV+4 Int+2}

@: lethally poisoned (0 -> -10), glowing
A: (nimble swimmer 2), mertail
a: Renounce Religion, Divine Shield


You were on level 11 of the Dungeon.
You worshipped the Shining One.
The Shining One was most pleased with you.
You visited 2 branches of the dungeon, and saw 14 of its levels.

You collected 1701 gold pieces.
You spent 56 gold pieces at shops.

Inventory:

Hand Weapons
 a - a +1 trident of flaming (weapon)
 j - the +7 demon trident "Ytogalia" {elec, rPois MP-9 Str-3 Int+8}
   (You found it on level 11 of the Dungeon)

   Occasionally, upon striking a foe, it can discharge electrical energy and
   cause terrible harm.
   Str:       It affects your strength (-3).
   Int:       It affects your intelligence (+8).
   rPois:     It protects you from poison.
   MP:        It affects your magic capacity (-9).
   The Shining One disapproves of the use of such an item.
 E - the +8 frozen axe "Frostbite" {freezing cloud, *Noise Fly rC+}
   (You found it on level 9 of the Dungeon)

   It has been specially enchanted to freeze those struck by it, causing extra
   injury to most foes and up to half again as much damage against particularly
   susceptible opponents.
   It can also slow down cold-blooded creatures.
   rC:        It protects you from cold.
   Fly:       It grants you flight.
   *Noise:    It may make noises in combat.
Armour
 d - a +0 troll leather armour (worn)
 r - a +2 buckler (worn)
 t - a +0 pair of boots (worn)
 B - a +2 helmet of see invisible (worn)
 J - a +2 cloak (worn)
Jewellery
 h - a ring of poison resistance (left hand)
 n - the ring "Nyfrem" (right hand) {rF+ rN+ Will+ EV+4 Int+2}
   (You found it on level 4 of the Dungeon)

   [ring of evasion]

   EV:        It affects your evasion (+4).
   Int:       It affects your intelligence (+2).
   rF:        It protects you from fire.
   rN:        It protects you from negative energy.
   Will:      It increases your willpower.
 z - a ring of resist corrosion
Wands
 c - a wand of iceblast (20)
 g - a wand of charming (6)
 p - a wand of digging (10)
 v - a wand of acid (7)
Scrolls
 b - 6 scrolls of identify
 k - 6 scrolls of teleportation
 q - 3 scrolls of amnesia
 u - 2 scrolls of vulnerability
 y - a scroll of magic mapping
 H - a scroll of fear {unknown}
 I - a scroll of enchant armour
Potions
 e - 9 potions of brilliance
 f - 2 potions of cancellation
 i - 3 potions of flight
 l - 6 potions of curing
 m - 2 potions of mutation
 o - 3 potions of lignification
 x - a potion of haste
 F - a potion of attraction
 G - a potion of ambrosia


   Skills:
 + Level 11.0 Fighting
 + Level 14.1 Polearms
 - Level 2.0 Throwing
 - Level 5.8 Armour
 + Level 13.1 Dodging
 - Level 4.0 Shields
 + Level 6.7 Invocations


You had 11 spell levels left.
You didn't know any spells.
Your spell library contained the following spells:

 Spells                   Type           Power      Damage    Failure   Level
 Magic Dart               Conj           0%         1d3       41%         1
 Searing Ray              Conj           0%         3d3       56%         2
 Slow                     Hex            0%         N/A       56%         2
 Call Canine Familiar     Summ           0%         N/A       80%         3
 Confusing Touch          Hex            0%         N/A       80%         3
 Ignite Poison            Fire/Tmut/Pois 0%         N/A       80%         3
 Portal Projectile        Hex/Tloc       0%         N/A       80%         3
 Stone Arrow              Conj/Erth      0%         3d7       80%         3
 Vampiric Draining        Necr           0%         2d6       80%         3
 Animate Armour           Summ/Erth      0%         N/A       99%         4
 Fulminant Prism          Conj/Hex       0%         3d6       99%         4
 Leda's Liquefaction      Hex/Erth       0%         N/A       99%         4
 Fireball                 Conj/Fire      0%         3d3       100%        5
 Eringya's Noxious Bog    Tmut/Pois      0%         N/A       100%        6
 Starburst                Conj/Fire      0%         8x6d3     100%        6
 Statue Form              Tmut/Erth      0%         N/A       100%        6
 Ignition                 Fire           0%         3d3       100%        8
 Lehudib's Crystal Spear  Conj/Erth      0%         10d2      100%        8


Dungeon Overview and Level Annotations

Branches:
Dungeon (13/15)            Temple (1/1) D:7            Lair (0/6) D:8
    Orc: D:9-12      Vaults: D:13-14

Altars:
Ashenzari
Cheibriados
Dithmenos
Elyvilon
Fedhas
Gozag
Hepliaklqana
Kikubaaqudgha
Makhleb
Nemelex Xobeh
Okawaru
Qazlal
Ru
Sif Muna
Trog
Uskayaw
Vehumet
Wu Jian
Xom
Yredelemnul
Zin
The Shining One

Shops:
D:1 ([*   D:9 [

Annotations:
D:6 1 runed translucent door
D:11 Wuaf's ghost, novice DsFi


Innate Abilities, Weirdness & Mutations

((You are quick and stealthy near water. (Stealth+, EV+, Speed+++)))
Your lower body shifts to a powerful aquatic tail in water.


Message History

You are too injured to fight recklessly!
You are too injured to fight recklessly!
You are too injured to fight recklessly!
You are too injured to fight recklessly!
You are too injured to fight recklessly!
You are too injured to fight recklessly!
You are too injured to fight recklessly!
You are too injured to fight recklessly!
You are too injured to fight recklessly!
You are too injured to fight recklessly!
You are too injured to fight recklessly!
You are too injured to fight recklessly!
You are too injured to fight recklessly!
You are too injured to fight recklessly!
You are too injured to fight recklessly!
You are too injured to fight recklessly!
You are too injured to fight recklessly!
You are too injured to fight recklessly!
You are too injured to fight recklessly!
You hit the +1 war axe of chaos but do no damage.
The +1 war axe of chaos is almost destroyed.
The +1 war axe of chaos hits you!!
* * * LOW HITPOINT WARNING * * *
You are poisoned.
You hit the +1 war axe of chaos but do no damage.
The +1 war axe of chaos is almost destroyed.
You feel very sick.
You barely miss the +1 war axe of chaos.
The +1 war axe of chaos is almost destroyed.
You feel very sick. The +1 war axe of chaos hits you!
* * * LOW HITPOINT WARNING * * *
The +1 war axe of chaos burns you.
* * * LOW HITPOINT WARNING * * *
You hit the +1 war axe of chaos but do no damage.
The +1 war axe of chaos is almost destroyed.
* * * LOW HITPOINT WARNING * * *
You feel very sick. The +1 war axe of chaos hits you!
You die...

#####....###.......##......#.....
#####################......#...).
...........................#.....
##############.............###...
##.###########.....#...
#.....##.##..#.....'...
#.....#._$#..#.....#...
#.....##'##..#.....#...
############...#@(W..###.....##'#
........#.##...###.....#.........
........#..............#.........
........#..............')........
........#..............#(........
........#..............#.........
........'..............#.........
........#..............#.........
........#.##....####'###.........


You could see a +1 war axe of chaos and Wuaf's ghost.

Vanquished Creatures
  A fire dragon (D:11)
  An ettin (D:11)
  2 hydras
  Erica (D:9)
  2 two-headed ogres
  2 centaur warriors (D:13)
  A deep troll earth mage (D:11)
  Nergalle (D:11)
  A deep elf pyromancer (D:13)
  2 cyclopes (D:11)
  3 gargoyles
  A freezing wraith (D:9)
  2 ice devils (D:9)
  2 komodo dragons
  2 trolls (D:11)
  Grinder (D:6)
  A hornet (D:9)
  2 shadows (D:11)
  2 wyverns (D:9)
  A basilisk (D:12)
  3 yaks (D:9)
  3 vampire mosquitoes
  2 steam dragons
  Grum (D:11)
  Edmund (D:6)
  3 wargs (D:8)
  2 water moccasins
  2 orc warriors
  2 black bears (D:6)
  A hornet zombie (D:8)
  5 centaurs
  2 wolves (D:11)
  A kobold brigand (D:9)
  2 bullfrogs (D:8)
  2 gnoll sergeants
  11 scorpions
  4 wights (D:7)
  16 killer bees
  A howler monkey (D:8)
  2 centaur zombies
  2 bullfrog zombies (D:6)
  A hound (D:6)
  4 orc priests
  A jelly (D:7)
  Crazy Yiuf (D:2)
  A centaur skeleton (D:7)
  A bullfrog skeleton (D:6)
  A gnoll shaman (D:10)
  Jessica (D:2)
  12 orc wizards
  A killer bee zombie (D:7)
  13 gnolls
  5 adders
  A howler monkey skeleton (D:6)
  6 white imps
  An adder skeleton (D:2)
  4 worms
  2 dart slugs
  11 orcs
  4 endoplasms
  8 giant cockroaches
  7 goblins
  5 hobgoblins
  2 jackals (D:3)
  10 kobolds
  2 quokkas (D:2)
  7 ball pythons
  2 bats (D:1)
  3 frilled lizards
  7 rats
223 creatures vanquished.

Notes
Turn   | Place    | Note
-------+----------+-------------------------------------------
     0 | D:1      | Demosthentine the Merfolk Gladiator began the quest for the
                  | Orb.
     0 | D:1      | Reached XP level 1. HP: 16/16 MP: 1/1
   168 | D:1      | Reached XP level 2. HP: 8/23 MP: 2/2
   497 | D:1      | Found Kiuxaist's General Store.
   567 | D:1      | Found Lunaraq's Antique Weapon Boutique.
   724 | D:1      | Found Texu's Armour Shoppe.
  1134 | D:1      | Reached XP level 3. HP: 28/28 MP: 3/3
  1334 | D:2      | Found a sacrificial altar of Ru.
  1484 | D:2      | Found a runed translucent door.
  1485 | D:2      | Noticed Crazy Yiuf
  1606 | D:2      | Reached skill level 5 in Polearms
  1759 | D:2      | Noticed Jessica
  1763 | D:2      | Reached skill level 1 in Armour
  1768 | D:2      | Killed Jessica
  1769 | D:2      | Reached XP level 4. HP: 30/35 MP: 4/4
  2168 | D:2      | Killed Crazy Yiuf
  2169 | D:2      | Reached skill level 5 in Dodging
  2250 | D:3      | Reached XP level 5. HP: 41/41 MP: 5/5
  2304 | D:3      | Found a bloodstained altar of Trog.
  2560 | D:3      | Found a white marble altar of Elyvilon.
  2603 | D:3      | Became a worshipper of Elyvilon the Healer
  2808 | D:3      | Found a shimmering blue altar of Sif Muna.
  2962 | D:3      | Identified a scroll of acquirement
  2962 | D:3      | Acquired 930 gold pieces
  3058 | D:1      | Bought a potion of brilliance for 56 gold pieces
  3141 | D:4      | Found a faded altar of an unknown god.
  3155 | D:4      | Identified the ring "Nyfrem" {rF+ rN+ Will+ EV+4 Int+2}
  3462 | D:4      | Reached skill level 6 in Polearms
  3697 | D:4      | Reached * piety under Elyvilon
  3698 | D:4      | Found a blossoming altar of Fedhas.
  3880 | D:4      | Reached XP level 6. HP: 13/48 MP: 6/6
  4147 | D:4      | Found a hide-covered altar of Uskayaw.
  4286 | D:5      | Entered Level 5 of the Dungeon
  4380 | D:5      | Found an iron altar of Okawaru.
  4635 | D:5      | Reached ** piety under Elyvilon
  4663 | D:5      | Reached XP level 7. HP: 54/54 MP: 7/7
  4750 | D:5      | Found a snail-covered altar of Cheibriados.
  4841 | D:6      | Noticed Edmund
  4857 | D:6      | Reached skill level 1 in Shields
  4869 | D:6      | Killed Edmund
  4870 | D:6      | Reached skill level 7 in Polearms
  5139 | D:6      | Noticed a steam dragon
  5148 | D:6      | Killed a steam dragon
  5241 | D:6      | Reached skill level 5 in Fighting
  5241 | D:6      | Reached XP level 8. HP: 54/62 MP: 8/8
  5374 | D:6      | Noticed Grinder
  5397 | D:6      | Killed Grinder
  5650 | D:6      | Found a glowing silver altar of Zin.
  5691 | D:6      | Reached skill level 8 in Polearms
  5760 | D:6      | Reached *** piety under Elyvilon
  5909 | D:6      | Found a runed translucent door.
  5911 | D:6      | Found a runed translucent door.
  5948 | D:6      | Found a broken altar of Ashenzari.
  5952 | D:6      | Saw a vision of the Shoals and the Spider Nest.
  5952 | D:6      | Noticed a sea snake
  5952 | D:6      | Noticed a merfolk
  5952 | D:6      | Noticed a sea snake
  5952 | D:6      | Noticed a merfolk
  5952 | D:6      | Noticed a wolf spider
  5952 | D:6      | Noticed a merfolk
  5952 | D:6      | Noticed a merfolk
  5957 | D:6      | Noticed a hornet
  6164 | D:6      | Reached XP level 9. HP: 27/69 MP: 9/9
  6454 | D:7      | Found a staircase to the Ecumenical Temple.
  6491 | D:6      | Reached skill level 9 in Polearms
  6672 | Temple   | Entered the Ecumenical Temple
  7301 | D:7      | Reached **** piety under Elyvilon
  7364 | D:8      | Noticed a gargoyle
  7383 | D:8      | Killed a gargoyle
  7596 | D:8      | Reached skill level 10 in Polearms
  7697 | D:8      | Found a staircase to the Lair.
  7774 | D:8      | Reached XP level 10. HP: 79/79 MP: 10/10
  7954 | D:8      | Found a shimmering altar of Xom.
  8181 | D:8      | Acquired a +2 helmet of see invisible
  8273 | D:9      | Reached skill level 5 in Armour
  8308 | D:9      | Found Tesib's Armour Shop.
  8334 | D:9      | Noticed Erica
  8353 | D:9      | Killed Erica
  8354 | D:9      | Reached skill level 10 in Dodging
  8694 | D:9      | Reached skill level 11 in Polearms
  9863 | D:9      | Found the +8 frozen axe "Frostbite" {freezing cloud, *Noise
                  | Fly rC+}
  9980 | D:10     | Entered Level 10 of the Dungeon
 10001 | D:10     | Noticed a six-headed hydra
 10020 | D:10     | Killed a six-headed hydra
 10021 | D:10     | Reached skill level 1 in Invocations
 10021 | D:10     | Reached XP level 11. HP: 22/89 MP: 10/12
 10301 | D:10     | Found a glowing golden altar of the Shining One.
 10389 | D:10     | Reached skill level 12 in Polearms
 10459 | D:10     | Fell from the grace of Elyvilon
 10459 | D:10     | Became a worshipper of the Shining One
 10459 | D:10     | Reached * piety under the Shining One
 10459 | D:10     | Reached ** piety under the Shining One
 10975 | D:10     | Found a sacrificial altar of Ru.
 11298 | D:11     | You fall into a shaft and drop 2 floors!
 11298 | D:13     | Noticed a centaur warrior
 11306 | D:13     | Noticed a two-headed ogre
 11316 | D:13     | Killed a centaur warrior
 11327 | D:13     | Killed a two-headed ogre
 11568 | D:13     | Noticed a deep elf pyromancer
 11578 | D:13     | Killed a deep elf pyromancer
 11627 | D:13     | Noticed a centaur warrior
 11644 | D:13     | Killed a centaur warrior
 11670 | D:13     | Reached skill level 10 in Fighting
 11712 | D:12     | Reached skill level 13 in Polearms
 11841 | D:11     | Found a runed translucent door.
 11842 | D:11     | Found a shimmering altar of Xom.
 11842 | D:11     | Noticed Wuaf's ghost (novice DsFi)
 11842 | D:11     | Noticed a +1 war axe of chaos
 11857 | D:11     | Noticed Grum
 11876 | D:11     | Killed Grum
 11979 | D:11     | Reached *** piety under the Shining One
 11980 | D:11     | Noticed a six-headed hydra
 12002 | D:11     | Killed a six-headed hydra
 12003 | D:11     | Reached skill level 5 in Invocations
 12005 | D:11     | Noticed a cyclops
 12016 | D:11     | Killed a cyclops
 12017 | D:11     | Reached XP level 12. HP: 73/98 MP: 14/16
 12145 | D:11     | Noticed a fire dragon
 12633 | D:11     | Noticed Nergalle
 12653 | D:11     | Killed Nergalle
 12827 | D:11     | Killed a fire dragon
 13180 | D:11     | Noticed a deep troll earth mage
 13180 | D:11     | Noticed a two-headed ogre
 13181 | D:11     | Noticed an ettin
 13188 | D:11     | Killed a two-headed ogre
 13189 | D:11     | Reached skill level 14 in Polearms
 13195 | D:11     | Killed an ettin
 13202 | D:11     | Killed a deep troll earth mage
 13227 | D:11     | Got Roxanne's Grimoire of the Mutagenic Rocks
 13265 | D:11     | Identified the +7 demon trident "Ytogalia" {elec, rPois
                  | MP-9 Str-3 Int+8}
 13405 | D:11     | Slain by a +1 war axe of chaos

Illustrated notes

Levels and vault maps discovered:
D:1:      minmay_arrival_stair_chambers, layout_basic, serial_shops,
          nicolae_shop_waterfront, shop, nicolae_shop_overgrown_old_shop,
          chequers_serial_rivers_micro_d, minmay_misc_feat_more_columns
D:2:      layout_basic, basic_altar, uniq_jessica, uniq_crazy_yiuf_cottage
D:3:      layout_loops_ring, elyvilon_altar_5, trog_three_pillars_becter,
          nicolae_sif_muna_little_library
D:4:      layout_cave_pods, mainiacjoe_overflow_six_doors_small,
          mainiacjoe_overflow_surrounded_room, serial_column_ruins,
          column_ruins_temple_circle, column_ruins_hut_ruined,
          column_ruins_open_small, column_ruins_open_small,
          column_ruins_columns_dead_end, column_ruins_open_tiny,
          lightli_minifort
D:5:      layout_basic, okawaru_metal_pillars_3, cheibrodos_worm_habitat
D:6:      lemuel_insect_pit, layout_basic, zin_statuary,
          grunt_ashenzari_visionary [grunt_ashenzari_visionary_shoals,
          grunt_ashenzari_visionary_spider], serial_bayou_crossing,
          uniq_grinder, uniq_edmund
D:7:      layout_cave_pools, minmay_temple_entry_junction
D:8:      layout_basic, general_overflow_altar, erik_lair_orcish_takeover
D:9:      layout_small_grid, serial_shops, nicolae_square_shop,
          minmay_misc_feat_enclosed, solitary_fountain,
          hellmonk_guarded_unrand_frostbite, uniq_erica
D:10:     layout_basic, nicolae_ru_the_path_less_chosen, lemuel_crystal_altar
D:11:     layout_gridville, ebering_ghost_xom, minmay_the_grid_2x2
          [minmay_the_grid_small_cups, minmay_the_grid_dragon_a,
          minmay_the_grid_x, minmay_the_grid_prize_diamond_cup], uniq_grum,
          uniq_nergalle
D:12:     layout_loops_ring, david_orc_1_choice, minivault_26, grunt_decor_cap,
          minmay_increasing_density
D:13:     layout_basic, lightli_vaults_fourway_checkpoint,
          lightli_fourway_metalbox
Temple:   eino_wide_crystal_templ

Skill      XL: |  1  2  3  4  5  6  7  8  9 10 11 12 |
---------------+-------------------------------------+-----
Polearms       | 5 6 7 8 10 11 13 14 | 14.1
Armour         | 1 2 3 4 5 |  5.8
Fighting       | 3 4 5 6 7 9 10 11 | 11.0
Dodging        | 5 6 7 9 11 12 13 | 13.1
Shields        | 2 3 4 |  4.0
Invocations    | 1 5 6 |  6.7
Throwing       | |  2.0

Action                   |  1- 3 |  4- 6 |  7- 9 | 10-12 || total
-------------------------+-------+-------+-------+-------++-------
Melee: Trident           |   125 |   118 |   348 |   653 ||  1244
       Tailslap          |       |       |     1 |    12 ||    13
Throw: Throwing net      |       |     1 |     1 |     4 ||     6
Invok: Divine Shield     |       |       |       |     3 ||     3
  Use: Scroll            |     4 |    11 |     4 |     5 ||    24
       Potion            |       |     3 |     1 |     6 ||    10
 Stab: Sleeping          |     1 |     2 |     2 |       ||     5
       Held in net/web   |       |       |     1 |     2 ||     3
Armor: Leather armour    |    22 |    16 |    33 |       ||    71
       Steam dragon scal |       |       |     9 |    99 ||   108
Dodge: Dodged            |    69 |    48 |   231 |   493 ||   841
Block: Buckler           |       |       |    47 |   243 ||   290

Table legend: (Time is in decaauts)
 A = Elapsed time spent in this place.
 B = Non-inter-level travel time spent in this place.
 C = Inter-level travel time spent in this place.
 D = Time resting spent in this place.
 E = Time spent auto-exploring this place.
 F = Levels seen in this place.
 G = Mean time per level.
                   A        B        C        D        E       F      G
               +--------+--------+--------+--------+--------+-----+--------+
         Total |  13154 |  12772 |    382 |    874 |   9972 |  14 |  939.6 |
       Dungeon |  13099 |  12717 |    382 |    874 |   9931 |  13 | 1007.6 |
        Temple |     54 |     54 |      0 |      0 |     41 |   1 |   54.0 |
               +--------+--------+--------+--------+--------+-----+--------+

Top non-repeatable levels by time:
     D:6: 1754 daAuts
     D:9: 1727 daAuts
    D:11: 1709 daAuts
     D:1: 1185 daAuts
    D:10: 1181 daAuts
     D:4: 1153 daAuts
     D:2: 1130 daAuts
     D:7: 838 daAuts
     D:3: 814 daAuts
     D:8: 668 daAuts
     D:5: 545 daAuts
    D:13: 378 daAuts
  Temple: 54 daAuts
    D:12: 11 daAuts
